Map: Darkness Sanctuary LE

Players

MrBubbles - Winner!

  • Race: Protoss Protoss
  • League: Diamond
  • Spawn Location: 5:00

Marzbar

  • Race: Zerg Zerg
  • League: Diamond
  • Spawn Location: 1:00

VOD

Have the link to the VOD?

Description

Time

  • Played on: June 21, 2018, 12:49 a.m.
  • Length: 16:35
Show
View Real Time Build Order
Export as new Build Order

MrBubbles Protoss - Winner!

Build Orders:  

Get SALT Encoding   

  12  0:00  Probe  
  13  0:13  Probe  
  14  0:22  Pylon  
  14  0:25  Probe  
  15  0:38  Probe  
  15  0:41  Gateway  
  16  0:45  Assimilator  
  16  0:47  Probe  
  16  0:56  Probe  
  18  1:04  Gateway  
  18  1:10  Probe  
  19  1:23  Probe  
  20  1:29  Gateway  
  20  1:30  Pylon  
  20  1:35  Probe  
  20  1:37  Cybernetics Core  
  21  1:41  Cybernetics Core  
  21  1:47  Probe  
  21  1:50  Assimilator  
  22  1:55  Probe  
  23  2:04  Probe  
  24  2:17  Adept  
  26  2:25  Nexus  
  26  2:32  Shield Battery  
  26  2:41  Probe  
  27  2:48  Stalker  
  29  2:53  Probe  
  30  3:00  Warp Gate  
  30  3:05  Pylon, Probe  
  31  3:15  Pylon  
  31  3:23  Adept  
  31  3:25  Pylon  
  33  3:31  Sentry  
  35  3:48  Probe x2  
  37  4:00  Probe  
  38  4:03  Probe  
  38  4:06  Twilight Council  
  39  4:10  Probe  
  39  4:12  Probe, Gateway  
  39  4:13  Gateway  
  39  4:16  Gateway  
  41  4:18  Probe  
  42  4:24  Probe, Robotics Facility  
  42  4:27  Probe  
  44  4:35  Probe  
  45  4:39  Charge  
  45  4:40  Probe  
  45  4:41  Assimilator  
  46  4:48  Probe  
  47  4:59  Probe  
  48  5:00  Probe  
  49  5:07  Zealot x2  
  49  5:08  Zealot x2  
  57  5:14  Probe  
  57  5:15  Probe  
  59  5:23  Warp Prism, Assimilator  
  59  5:25  Pylon  
  59  5:26  Pylon, Probe  
  59  5:27  Sentry, Pylon, Probe  
  65  5:37  Adept x2  
  65  5:39  Probe  
  70  5:43  Probe  
  70  6:28  Stalker x2  
  70  6:29  Stalker x3  
  70  6:31  Immortal  
  74  7:00  Stalker  
  74  7:01  Stalker x4  
  84  7:10  Nexus, Observer  
  84  7:11  Blink  
  84  7:13  Pylon  
  84  7:14  Pylon  
  85  7:20  Probe x2  
  87  7:26  Sentry x3  
  93  7:32  Probe x2  
  93  7:33  Immortal  
  99  7:38  Pylon  
  99  7:40  Pylon  
  99  7:41  Forge  
  99  7:44  Forge, Probe x2  
  101  7:55  Zealot  
  101  7:56  Probe, Zealot x4  
  112  8:04  Warp Prism  
  112  8:12  Shield Battery  
  114  8:17  Photon Cannon  
  114  8:20  Photon Cannon  
  114  8:24  Photon Cannon  
  114  8:28  Stalker x4  
  122  8:41  Observer  
  103  8:56  Zealot x5  
  113  9:03  Protoss Ground Weapons Level 1  
  113  9:04  Protoss Ground Armor Level 1  
  113  9:11  Immortal  
  117  9:20  Photon Cannon  
  117  9:22  Stalker x2  
  117  9:23  Photon Cannon  
  101  10:02  Warp Prism  
  95  10:20  Probe x2  
  77  10:22  Probe  
  77  10:24  Templar Archives  
  77  10:26  Assimilator x2  
  78  10:31  Stalker x3  
  78  10:32  Probe, Stalker x2  
  89  10:51  Observer  
  89  10:58  Robotics Bay  
  89  10:59  Robotics Facility  
  89  11:01  Protoss Ground Armor Level 2, Protoss Ground Weapons Level 2  
  89  11:05  High Templar x2  
  89  11:06  High Templar x3  
  99  11:15  Psionic Storm  
  99  11:29  Pylon  
  99  11:31  Probe x2  
  101  11:33  Gateway  
  101  11:39  Probe  
  102  11:43  Probe  
  102  11:46  High Templar x2  
  107  11:50  Stalker x3  
  113  11:55  Pylon, Nexus  
  113  11:56  Probe x3  
  113  11:58  Colossus x2, Pylon  
  116  12:07  Extended Thermal Lance  
  116  12:08  Probe x3  
  131  12:23  Stalker x2  
  131  12:24  Stalker x3  
  140  12:51  Stalker x3  
  140  12:52  Stalker x2  
  150  12:58  Colossus  
  156  13:23  Assimilator, Observer  
  156  13:24  Assimilator  
  157  13:33  High Templar  
  157  13:34  High Templar x3  
  163  13:41  Pylon  
  165  13:43  Pylon  
  165  13:49  Pylon  
  165  13:52  Pylon x2  
  153  14:08  Stalker x4  
  153  14:09  Stalker  
  152  14:41  Zealot x4  
  152  14:42  Zealot  
  126  15:28  Stalker x4  
  122  15:56  Zealot x5  
  125  15:58  Probe x4  
  123  16:18  Zealot x4  
Show
View Real Time Build Order
Export as new Build Order

Marzbar Zerg 

Build Orders: Hatch First, Lurkers 

Get SALT Encoding   

  12  0:01  Drone  
  13  0:14  Overlord  
  13  0:17  Drone  
  14  0:33  Drone x2  
  16  0:39  Drone  
  17  0:54  Hatchery  
  16  0:57  Drone  
  16  1:01  Drone  
  16  1:03  Extractor  
  17  1:18  Spawning Pool  
  16  1:20  Drone  
  17  1:27  Drone  
  17  1:30  Drone  
  19  1:40  Overlord  
  19  1:52  Drone  
  20  2:05  Queen  
  20  2:06  Queen  
  20  2:07  Zergling x4  
  26  2:18  Drone  
  26  2:21  Drone  
  28  2:25  Drone  
  28  2:28  Drone  
  30  2:50  Drone x4  
  34  2:54  Baneling Nest  
  33  3:03  Hatchery, Drone x2  
  34  3:06  Overlord  
  33  3:23  Drone x2  
  33  3:24  Overlord x2  
  35  3:27  Drone  
  35  3:28  Drone x2  
  35  3:29  Evolution Chamber  
  35  3:33  Queen  
  39  3:37  Metabolic Boost  
  39  3:42  Zergling x4  
  41  3:52  Roach Warren  
  40  3:59  Overlord  
  40  4:08  Overlord x2  
  40  4:09  Drone x5  
  44  4:27  Overlord x2  
  44  4:29  Zerg Melee Weapons Level 1  
  44  4:36  Roach  
  44  4:37  Roach x4  
  54  4:40  Spore Crawler  
  54  4:42  Spore Crawler  
  54  4:43  Extractor  
  51  4:54  Drone x3  
  54  5:03  Drone x3  
  54  5:04  Drone x5  
  62  5:08  Roach  
  62  5:09  Roach  
  66  5:26  Lair  
  66  5:29  Spore Crawler  
  66  5:32  Baneling  
  66  5:34  Queen  
  66  5:35  Queen  
  69  5:38  Drone  
  69  5:39  Drone x8  
  69  5:40  Drone  
  69  5:42  Overlord  
  79  5:45  Overlord  
  79  5:59  Roach x6  
  91  6:08  Zergling x4  
  91  6:10  Baneling  
  93  6:16  Roach  
  93  6:17  Roach x2, Zergling x8  
  103  6:32  Roach  
  105  6:33  Overlord x2  
  105  6:37  Baneling x3  
  105  6:39  Overlord x2  
  100  6:58  Extractor  
  100  7:01  Hydralisk Den  
  98  7:02  Extractor  
  98  7:05  Evolution Chamber  
  98  7:06  Overlord, Drone x5, Extractor x2  
  99  7:10  Hatchery  
  98  7:17  Overseer  
  98  7:24  Hatchery  
  97  7:31  Hydralisk  
  97  7:32  Hydralisk x2  
  97  7:33  Zergling x10  
  108  7:42  Drone x4  
  112  7:52  Spine Crawler, Drone  
  112  7:53  Drone x2  
  112  7:54  Queen  
  112  7:55  Spine Crawler  
  112  7:57  Spine Crawler  
  112  7:58  Spine Crawler, Glial Reconstitution  
  113  8:00  Zerg Missile Weapons Level 1  
  113  8:03  Zergling x6  
  116  8:11  Spine Crawler  
  115  8:14  Spine Crawler  
  114  8:21  Hydralisk x4  
  114  8:22  Hydralisk x3  
  114  8:23  Overlord x2  
  114  8:24  Overlord  
  128  8:31  Baneling x3  
  92  8:56  Hydralisk x8  
  92  8:57  Hydralisk x3  
  114  9:04  Drone  
  114  9:05  Drone x4  
  107  9:34  Hydralisk x9  
  121  9:44  Lurker Den  
  118  9:52  Hydralisk  
  112  9:53  Hydralisk x2, Zergling x6  
  112  9:54  Zergling x4  
  109  10:12  Hydralisk x7  
  109  10:13  Zergling x2  
  105  10:29  Drone x11  
  105  10:34  Drone  
  117  10:43  Drone  
  117  10:44  Drone x4  
  122  10:59  Spore Crawler  
  121  11:10  Hydralisk x2  
  125  11:15  Overlord x3  
  125  11:16  Overlord  
  125  11:36  Overseer  
  125  11:46  Lurker x5  
  130  11:47  Overlord x2  
  130  11:52  Hydralisk x4  
  138  11:56  Overseer  
  138  11:57  Overseer  
  138  11:59  Lurker  
  138  12:00  Lurker x8  
  147  12:01  Zergling x2  
  147  12:02  Zergling x18  
  147  12:04  Overlord x5  
  147  12:05  Centrifical Hooks  
  157  12:12  Extractor  
  157  12:13  Extractor  
  157  12:14  Queen  
  157  12:15  Queen x2, Spine Crawler x2  
  158  12:16  Queen, Spine Crawler x2  
  159  12:23  Overseer  
  159  12:38  Overlord x2  
  159  12:39  Hydralisk  
  159  12:40  Hydralisk x6  
  173  12:54  Pneumatized Carapace  
  173  12:58  Drone  
  173  12:59  Drone x3  
  173  13:04  Overlord x2  
  177  13:07  Baneling  
  177  13:08  Baneling x5  
  177  13:09  Baneling x3  
  175  13:14  Hatchery  
  175  13:18  Hatchery  
  168  13:27  Hydralisk x6  
  168  13:28  Hydralisk  
  182  13:39  Hydralisk  
  182  13:40  Hydralisk x5  
  184  13:53  Hydralisk  
  184  13:54  Hydralisk x5  
  169  14:09  Hydralisk x6  
  148  14:10  Hydralisk  
  157  14:29  Hydralisk x6  
  157  14:30  Hydralisk  
  161  14:48  Hydralisk  
  161  14:49  Hydralisk  
  161  14:51  Zergling x14  
  161  14:52  Zergling x2  
  154  15:18  Hydralisk  
  154  15:20  Roach  
  154  15:21  Roach x10  
  141  15:25  Zergling x2  
  141  15:26  Zergling x6  
  120  15:42  Roach  
  120  15:43  Roach x6  
  120  15:47  Hydralisk  
  120  15:48  Hydralisk  
  113  15:56  Hydralisk x3  
  101  16:09  Roach  
  101  16:10  Roach x5  
Tags
 
Composition
Lurkers
Matchup
PvZ
Replay Pack
June Replays
Spawn Locations
Close Positions
Add a new tag
Caveats
  • Supply blocks, unpowered buildings, or Contaminate may cause inaccurate times.
  • Supply counts are checked every 10 seconds.